 Dungeon Crawl Stone Soup version 0.21-a0-402-gcbae7d1 (webtiles) character file.

891 Mitsuki the Conjurer (level 7, -4/50 HPs)
             Began as a Demigod Conjurer on Oct 26, 2017.
             Slain by Pikel
             ... wielding a +0 whip of flaming
              (6 damage)
             ... on level 4 of the Dungeon.
             The game lasted 00:11:58 (6236 turns).

Mitsuki the Conjurer (Demigod Conjurer)             Turns: 6236, Time: 00:11:58

Health: -4/50      AC:  6    Str: 11    XL:     7   Next: 48%
Magic:  1/18       EV: 12    Int: 23    God:
Gold:   184        SH:  0    Dex: 16    Spells: 10/17 levels left

rFire    . . .     SeeInvis .   n - +0 quarterstaff
rCold    . . .     Gourm    .   (shield currently unavailable)
rNeg     . . .     Faith    .   a - +0 robe
rPois    .         Spirit   .   (no helmet)
rElec    .         Reflect  .   (no cloak)
rCorr    .         Harm     .   o - +0 pair of gloves
MR       .....                  g - +2 pair of boots
Stlth    ++........             (no amulet)
HPRegen  0.16/turn              (no ring)
MPRegen  0.16/turn              (no ring)

@: no status effects
A: high mp 1
a: no special abilities


You were on level 4 of the Dungeon.
You were not hungry.

You visited 1 branch of the dungeon, and saw 5 of its levels.

You collected 184 gold pieces.

Inventory:

Hand Weapons
 n - a +0 quarterstaff (weapon)
Armour
 a - a +0 robe (worn)
 g - a +2 pair of boots (worn)
 o - a +0 pair of gloves (worn)
 p - a +0 buckler
 q - a +2 cloak
Scrolls
 d - 2 scrolls of remove curse {unknown}
 h - 2 scrolls of blinking {unknown}
 i - a scroll of magic mapping {unknown}
 j - 2 scrolls of fog {unknown}
 l - a scroll of identify {unknown}
 m - 2 scrolls of fear {unknown}
Potions
 e - a potion of flight {unknown}
 f - a potion of curing
 k - a potion of mutation {unknown}
 r - a potion of lignification {unknown}
 s - a potion of might {unknown}
 t - 2 potions of resistance {unknown}
Books
 b - a book of Conjurations

   Spells                             Type                      Level
   a - Magic Dart                     Conjuration                  1
   b - Searing Ray                    Conjuration                  2
   c - Dazzling Spray                 Conjuration/Hexes            3
   d - Fulminant Prism                Conjuration/Hexes            4
   e - Force Lance                    Conjuration/Translocation    4
   f - Iskenderun's Mystic Blast      Conjuration                  4
Comestibles
 c - 2 bread rations
 u - 4 chunks of flesh


   Skills:
 - Level 1.7 Dodging
 - Level 1.7 Stealth
 + Level 5.5 Spellcasting
 + Level 6.8 Conjurations


You had 10 spell levels left.
You knew the following spells:

 Your Spells              Type           Power        Failure   Level  Hunger
a - Magic Dart            Conj           ####         1%          1    None
b - Searing Ray           Conj           #####.       1%          2    None
c - Iskenderun's Mystic   Conj           #####...     5%          4    ####...


Dungeon Overview and Level Annotations

Branches:
Dungeon (5/15)             Temple (0/1) D:4

Shops:
D:4 !*

Annotations:
D:4 Pikel


Innate Abilities, Weirdness & Mutations

You have an increased reservoir of magic. (+10% MP)


Message History

The searing ray hits Pikel.
Pikel is heavily wounded.
* * * LOW MAGIC WARNING * * *
You finish channeling your searing ray.
Pikel barely misses you. Pikel hits you with a whip of flaming.
* * * LOW HITPOINT WARNING * * *
Pikel burns you.
* * * LOW HITPOINT WARNING * * *
You take 5 damage, and have 1/50 hp.
Casting: Searing Ray
Confirm with . or Enter, or press ? or * to list all spells.
Aiming: Searing Ray
Press: ? - help, Shift-Dir - straight line, f/p - Pikel
Aim: Pikel, wielding a whip of flaming and wearing a robe (heavily wounded)
The searing ray hits Pikel.
Pikel is heavily wounded. (Press . to maintain the ray.)
* * * LOW MAGIC WARNING * * *
Pikel hits you with a whip of flaming.
You die...

.##....##...#....####.####.....##
###...........#..## #..##.......#
##.##.....##.....###....##>.....
#..###...####.##...#...##.......
#.## #..## #..##.....###.####..
##.# ##...####..###....###.#####.
#.)###..#..#......##....##...[###
...#.....##..##[K....#...#..#...#
..........#.####@...####...##...#
.............##.[...# ###..#.#..
..............#...#.## #.....#_
.................##..## #.##.#..
.............##..#....####.##....
.............##.........##.##..##
..♣.♣......................#.(.##
...>........................#..#.
..♣.♣......................####..


You could see Pikel.

Vanquished Creatures
  The ghost of Hargen the Slinger, a novice HaHu (D:4)
  2 slaves (D:5)
  A howler monkey (D:4)
  2 hounds (D:4)
  3 orc priests
  4 orc wizards
  A worker ant (D:4)
  2 gnolls
  9 adders
  A shadow imp (D:5)
  An ooze (D:1)
  2 worms
  2 dart slugs (D:1)
  2 leopard geckos
  17 orcs
  4 ball pythons
  4 giant cockroaches
  14 goblins
  6 hobgoblins
  2 jackals
  3 quokkas
  6 bats
  5 frilled lizards
  6 kobolds
  A leopard gecko skeleton (D:4)
  12 rats
113 creatures vanquished.

Notes
Turn   | Place    | Note
-------+----------+-------------------------------------------
     0 | D:1      | Mitsuki the Demigod Conjurer began the quest for the Orb.
     0 | D:1      | Reached XP level 1. HP: 14/14 MP: 5/5
   300 | D:1      | Reached XP level 2. HP: 20/20 MP: 4/7
   438 | D:1      | Reached skill level 4 in Conjurations
  1073 | D:1      | Reached XP level 3. HP: 26/26 MP: 6/9
  1154 | D:1      | Learned a level 2 spell: Searing Ray
  2048 | D:3      | Reached XP level 4. HP: 33/33 MP: 8/11
  2102 | D:3      | HP: 1/33 [orc priest/nerve-wracking pain (9)]
  2752 | D:3      | Reached XP level 5. HP: 38/38 MP: 5/13
  2917 | D:3      | Reached skill level 5 in Conjurations
  3523 | D:4      | Learned a level 4 spell: Iskenderun's Mystic Blast
  3713 | D:4      | Found an ornate altar of the Wu Jian Council.
  3918 | D:4      | Found a staircase to the Ecumenical Temple.
  4163 | D:4      | Reached XP level 6. HP: 45/45 MP: 12/15
  4388 | D:4      | Noticed Hargen's ghost (novice HaHu)
  4965 | D:4      | Killed Hargen's ghost
  4965 | D:4      | Reached skill level 5 in Spellcasting
  4965 | D:4      | Reached skill level 6 in Conjurations
  4965 | D:4      | Reached XP level 7. HP: 16/50 MP: 1/18
  5393 | D:4      | Found Raesuowk's Assorted Antiques.
  5446 | D:4      | Found Nocenn's Distillery.
  5723 | D:5      | Entered Level 5 of the Dungeon
  6017 | D:5      | Found an opulent altar of Gozag.
  6198 | D:5      | Noticed Pikel
  6235 | D:4      | HP: 2/50 [Pikel/whip of flaming (4)]
  6236 | D:4      | Slain by Pikel

Vault maps used:
D:1:      dpeg_arrival_short_road
D:3:      first_bread
D:4:      minmay_temple_entry_trees, serial_shops, kennysheep_mini_moat,
          shop_fountains, minmay_ruined_shrine
D:5:      basic_altar, uniq_pikel

Skill      XL: |  1  2  3  4  5  6 |
---------------+-------------------+-----
Spellcasting   | 2 3 4 5 |  5.5
Conjurations   | 4 5 6 |  6.8
Dodging        | |  1.7
Stealth        | |  1.7

Action                   |  1- 3 |  4- 6 |  7- 9 || total
-------------------------+-------+-------+-------++-------
Melee: Unarmed           |     1 |       |       ||     1
       Club              |     5 |       |       ||     5
       Quarterstaff      |       |    11 |     6 ||    17
 Cast: Magic Dart        |    86 |   179 |    50 ||   315
       Searing Ray       |       |     1 |     4 ||     5
  Use: Potion            |       |       |     2 ||     2
  Eat: Chunk             |     3 |     6 |     1 ||    10
       Royal jelly       |       |     1 |       ||     1
       Fruit             |       |     2 |       ||     2
       Meat ration       |       |       |     1 ||     1
Armor: Robe              |     4 |    16 |    16 ||    36
Dodge: Dodged            |     9 |    35 |    34 ||    78

Table legend:
 A = Spawn XP
 B = Non-spawn XP
 C = Spawn XP percentage of total XP
 D = Spawn monster count
 E = Non-spawn monster count
 F = Spawn count percentage of total count
 G = Total turns spent on level
                    A         B        C        D         E        F      G
               +---------+---------+-------+---------+---------+-------+---------
         Total |       0 |    1274 |   0.0 |       0 |     111 |   0.0 |  6236
               +---------+---------+-------+---------+---------+-------+---------
           D:1 |       0 |      49 |   0.0 |       0 |      25 |   0.0 |  1147
           D:2 |       0 |      66 |   0.0 |       0 |      18 |   0.0 |  1160
           D:3 |       0 |     198 |   0.0 |       0 |      37 |   0.0 |  1546
           D:4 |       0 |     925 |   0.0 |       0 |      25 |   0.0 |  2188
           D:5 |       0 |      36 |   0.0 |       0 |       6 |   0.0 |   195
               +---------+---------+-------+---------+---------+-------+---------
